Map: Cactus Valley LE (Void)

Players

Bop - Winner!

  • Race: Protoss Protoss

Quonzar

  • Race: Zerg Zerg

VOD

Have the link to the VOD?

Description

Time

  • Played on: May 6, 2015, 11:17 p.m.
  • Length: 10:22
Show
View Real Time Build Order
Export as new Build Order

Bop Protoss - Winner!

Build Orders: Nexus First 

Get SALT Encoding   

  12  0:00  Probe  
  13  0:13  Probe  
  14  0:42  Nexus  
  14  0:51  Pylon  
  14  1:09  Probe (Chrono Boost)  
  15  1:11  Gateway  
  15  1:21  Probe (Chrono Boost)  
  15  1:25  Assimilator  
  16  1:27  Probe (Chrono Boost)  
  17  1:38  Probe (Chrono Boost)  
  18  1:45  Probe (Chrono Boost)  
  19  1:55  Probe (Chrono Boost)  
  19  1:59  Cybernetics Core  
  20  2:03  Zealot  
  20  2:06  Probe (Chrono Boost)  
  20  2:08  Probe (Chrono Boost)  
  25  2:16  Probe (Chrono Boost)  
  25  2:17  Probe (Chrono Boost)  
  25  2:19  Gateway  
  26  2:28  Probe x2  
  28  2:34  Pylon  
  28  2:35  Warp Gate  
  28  2:38  Adept (Chrono Boost)  
  28  2:40  Probe (Chrono Boost)  
  31  2:44  Probe (Chrono Boost)  
  32  2:53  Probe (Chrono Boost)  
  32  2:56  Probe (Chrono Boost)  
  34  3:01  Probe (Chrono Boost)  
  34  3:03  Probe (Chrono Boost)  
  36  3:10  Probe, Adept (Chrono Boost)  
  39  3:15  Assimilator  
  39  3:16  Assimilator  
  41  3:20  Mothership Core (Chrono Boost)  
  41  3:22  Probe (Chrono Boost)  
  41  3:25  Adept (Chrono Boost)  
  44  3:30  Pylon  
  44  3:35  Pylon  
  44  3:43  Pylon  
  44  3:47  Assimilator  
  44  3:48  Probe x2  
  48  3:58  Adept (Chrono Boost)  
  48  3:59  Adept (Chrono Boost)  
  48  4:00  Probe (Chrono Boost)  
  48  4:01  Probe (Chrono Boost)  
  51  4:12  Probe x2 (Chrono Boost)  
  53  4:18  Probe x2 (Chrono Boost)  
  53  4:30  Probe x2, Stargate x2  
  51  4:33  Gateway  
  51  4:36  Gateway  
  51  4:42  Probe x2 (Chrono Boost)  
  51  4:44  Zealot  
  55  4:52  Pylon  
  57  4:54  Probe x2 (Chrono Boost), Pylon  
  57  4:58  Adept  
  59  5:00  Probe (Chrono Boost)  
  59  5:01  Probe (Chrono Boost)  
  59  5:05  Pylon  
  61  5:11  Probe  
  61  5:13  Oracle (Chrono Boost)  
  68  5:16  Oracle (Chrono Boost)  
  68  5:20  Forge  
  68  5:30  Probe x2  
  68  5:42  Oracle (Chrono Boost)  
  74  5:43  Fleet Beacon  
  74  5:46  Oracle (Chrono Boost)  
  74  6:02  Photon Cannon  
  74  6:03  Pylon, Photon Cannon  
  74  6:06  Nexus  
  74  6:12  Void Ray (Chrono Boost)  
  78  6:22  Probe x2  
  78  6:23  Void Ray (Chrono Boost)  
  84  6:29  Zealot x3  
  82  6:48  Void Ray (Chrono Boost)  
  82  6:52  Zealot x4  
  85  7:02  Probe (Chrono Boost)  
  85  7:03  Probe (Chrono Boost)  
  85  7:08  Carrier (Chrono Boost)  
  81  7:15  Probe (Chrono Boost)  
  82  7:20  Probe (Chrono Boost)  
  80  7:24  Nexus  
  80  7:25  Probe (Chrono Boost)  
  80  7:27  Probe (Chrono Boost)  
  81  7:32  Graviton Catapult, Carrier (Chrono Boost)  
  81  7:35  Probe  
  88  7:37  Assimilator  
  88  7:38  Assimilator  
  86  7:55  Pylon  
  92  8:17  Adept  
  92  8:18  Probe x2  
  96  8:20  Carrier (Chrono Boost)  
  96  8:24  Photon Cannon  
  96  8:26  Photon Cannon  
  96  8:27  Photon Cannon  
  96  8:34  Pylon  
  96  8:35  Pylon  
  100  8:49  Carrier (Chrono Boost)  
  101  8:55  Probe  
  107  9:07  Probe  
  108  9:12  Probe x2, Carrier (Chrono Boost)  
  110  9:20  Probe  
  123  9:59  Probe x3  
  116  10:10  Twilight Council  
  116  10:12  Gateway  
Show
View Real Time Build Order
Export as new Build Order

Quonzar Zerg 

Build Orders: Hatch First 

Get SALT Encoding   

  12  0:01  Drone  
  13  0:13  Overlord  
  13  0:18  Drone  
  14  0:31  Drone x2  
  16  0:35  Drone  
  17  0:54  Hatchery  
  17  0:55  Drone  
  17  1:00  Drone  
  17  1:02  Extractor  
  17  1:07  Drone  
  18  1:18  Spawning Pool  
  17  1:23  Drone  
  18  1:29  Drone  
  19  1:40  Drone  
  20  1:51  Overlord  
  20  2:06  Metabolic Boost, Queen x2  
  24  2:10  Zergling x4  
  26  2:19  Zergling x4  
  28  2:30  Drone x2  
  30  2:37  Overlord  
  30  2:41  Drone  
  30  2:42  Queen  
  30  2:44  Drone  
  34  2:47  Queen  
  36  3:01  Drone x2  
  36  3:02  Drone  
  37  3:13  Drone x2  
  37  3:16  Drone x3  
  37  3:17  Drone  
  42  3:21  Drone  
  42  3:22  Overlord  
  43  3:30  Overlord x2, Extractor  
  43  3:31  Extractor  
  41  3:37  Drone x2  
  41  3:40  Roach Warren  
  42  3:42  Extractor  
  42  3:43  Drone x2  
  42  3:48  Drone  
  44  3:49  Drone  
  45  3:58  Zergling x2  
  45  3:59  Zergling x10  
  50  4:05  Lair  
  47  4:26  Drone  
  47  4:27  Drone x10  
  56  4:33  Drone x2  
  58  4:39  Queen  
  58  4:43  Drone  
  58  4:44  Drone  
  62  4:53  Overlord  
  62  4:54  Overlord  
  62  4:58  Spore Crawler  
  61  5:00  Spore Crawler  
  60  5:08  Roach x2  
  60  5:09  Nydus Network  
  60  5:13  Roach x2  
  67  5:19  Roach  
  67  5:20  Roach x2  
  73  5:22  Roach  
  73  5:27  Roach  
  73  5:28  Roach  
  78  5:36  Roach x2  
  78  5:37  Overlord  
  81  5:55  Nydus Canal  
  81  5:56  Roach  
  84  5:57  Roach x5  
  84  6:03  Overlord x2  
  90  6:15  Ravager  
  91  6:21  Overlord x2, Ravager  
  91  6:23  Ravager x3  
  95  6:42  Roach x4  
  95  6:43  Roach x2  
  107  6:58  Roach x4  
  107  6:59  Roach x3  
  116  7:05  Roach x2  
  116  7:08  Queen  
  103  7:30  Queen  
  105  7:41  Hydralisk Den  
  104  7:44  Overlord x2  
  104  7:48  Drone x2  
  104  7:49  Drone x2  
  104  7:50  Drone x2  
  108  8:02  Hatchery  
  107  8:09  Hydralisk x3  
  107  8:10  Hydralisk x2  
  117  8:16  Queen x2  
  117  8:18  Hydralisk x5  
  131  8:22  Overlord  
  131  8:24  Overseer  
  131  8:31  Overlord  
  131  8:32  Overlord  
  131  8:43  Ravager x6  
  131  8:44  Ravager  
  138  8:48  Hatchery  
  138  8:55  Hydralisk x3  
  143  9:19  Nydus Canal  
  143  9:23  Ravager x5  
  148  9:28  Roach x3  
  148  9:29  Overlord x3  
  152  9:46  Hydralisk x2  
  139  9:54  Hydralisk  
  139  9:55  Hydralisk x4  
  109  10:08  Drone x4  
Tags
 
Add a new tag
Caveats
  • Supply blocks, unpowered buildings, or Contaminate may cause inaccurate times.
  • Supply counts are checked every 10 seconds.